Map: King's Cove LE

Players

Moja

  • Race: Terran Terran
  • League: Grandmaster
  • Spawn Location: 11:00

IRoH - Winner!

  • Race: Zerg Zerg
  • League: Grandmaster
  • Spawn Location: 5:00

VOD

Have the link to the VOD?

Description

Time

  • Played on: April 9, 2025, 7:01 p.m.
  • Length: 7:13
Show
View Real Time Build Order
Export as new Build Order

Moja Terran 

Build Orders: Hellion Banshee 

Get SALT Encoding   

  12  0:00  SCV  
  13  0:12  SCV  
  14  0:18  Supply Depot  
  14  0:24  SCV  
  15  0:40  SCV  
  15  0:41  Barracks  
  16  0:50  Barracks  
  16  0:54  SCV  
  17  0:59  Refinery  
  17  1:06  SCV  
  18  1:18  SCV  
  19  1:27  Marine  
  20  1:32  Orbital Command  
  20  1:37  Marine  
  20  1:39  Supply Depot  
  21  1:45  Reaper  
  22  1:59  SCV  
  24  2:01  Reaper  
  24  2:12  SCV  
  25  2:17  Command Center  
  25  2:19  Reaper  
  26  2:24  SCV  
  27  2:39  SCV  
  28  2:51  SCV  
  28  2:53  Command Center  
  29  2:59  Factory  
  29  3:03  SCV  
  30  3:07  Refinery  
  30  3:13  Barracks Reactor  
  30  3:16  SCV  
  31  3:29  SCV  
  31  3:31  Orbital Command  
  32  3:35  Barracks Tech Lab  
  32  3:41  SCV  
  33  3:52  Hellion  
  33  3:53  Hellion  
  37  3:57  SCV x2  
  37  3:58  Starport  
  39  4:05  Supply Depot  
  39  4:07  Orbital Command  
  39  4:09  SCV x2  
  41  4:14  Hellion  
  41  4:15  Hellion  
  45  4:22  SCV x2  
  47  4:33  SCV  
  47  4:34  SCV  
  47  4:35  SCV, Cloaking Field, Banshee  
  53  4:42  Refinery  
  53  4:43  Hellion x2  
  57  4:45  SCV  
  57  4:47  SCV x2  
  57  4:50  Supply Depot  
  57  4:52  Refinery  
  60  4:53  Barracks Tech Lab, Barracks Reactor  
  60  4:58  SCV  
  60  4:59  SCV x2  
  63  5:10  SCV  
  63  5:12  SCV x2, Barracks  
  66  5:15  Engineering Bay  
  66  5:16  Engineering Bay  
  66  5:22  SCV  
  66  5:24  Banshee  
  66  5:26  SCV x2  
  72  5:29  Supply Depot  
  72  5:34  SCV  
  73  5:38  SCV, Marine x3  
  77  5:48  SCV  
  76  5:51  Supply Depot  
  76  5:52  Supply Depot  
  76  6:06  Banshee  
  79  6:14  Marine x2  
  79  6:15  Marine  
  79  6:16  Factory Tech Lab  
  82  6:32  Marine x3  
  73  6:34  SCV  
  64  6:47  Marine x2  
  54  6:50  Marine x2  
  59  6:54  SCV  
Show
View Real Time Build Order
Export as new Build Order

IRoH Zerg - Winner!

Build Orders: Hatch First 

Get SALT Encoding   

  12  0:00  Drone  
  13  0:13  Overlord  
  13  0:18  Drone  
  14  0:32  Drone x2  
  16  0:47  Hatchery  
  15  0:51  Drone  
  15  0:55  Drone  
  17  0:59  Drone  
  18  1:09  Extractor  
  17  1:13  Spawning Pool  
  17  1:16  Drone  
  17  1:20  Drone  
  18  1:28  Drone  
  19  1:39  Drone  
  20  1:50  Drone  
  21  2:01  Overlord  
  21  2:02  Queen x2  
  21  2:04  Zergling x2  
  26  2:18  Overlord  
  26  2:25  Drone  
  26  2:26  Drone  
  26  2:28  Overlord  
  28  2:35  Hatchery  
  26  2:39  Zergling x2  
  26  2:40  Zergling x2  
  28  2:47  Metabolic Boost  
  28  2:48  Zergling x2  
  28  2:49  Zergling x2  
  31  3:00  Queen, Zergling x4  
  31  3:03  Queen  
  36  3:07  Drone  
  36  3:12  Drone x2  
  39  3:22  Drone x2  
  39  3:23  Drone x2  
  43  3:31  Overlord  
  43  3:32  Drone  
  44  3:39  Lair  
  44  3:44  Overlord  
  44  3:52  Drone x4  
  44  3:53  Drone  
  49  3:56  Drone x2  
  51  4:03  Drone  
  51  4:09  Extractor x2  
  50  4:10  Roach Warren  
  50  4:11  Drone x2, Extractor  
  50  4:13  Drone  
  51  4:20  Drone  
  51  4:21  Drone x2  
  55  4:24  Drone x3  
  55  4:29  Overlord  
  57  4:41  Drone  
  57  4:42  Overlord  
  58  4:45  Queen, Nydus Network  
  58  4:48  Overseer  
  59  4:54  Glial Reconstitution  
  59  4:55  Overlord  
  59  4:57  Roach  
  59  4:58  Roach  
  63  5:11  Roach x4  
  71  5:20  Roach x4  
  79  5:22  Overlord  
  79  5:25  Nydus Canal  
  79  5:29  Roach  
  81  5:36  Roach  
  82  5:44  Nydus Canal  
  82  5:46  Roach x4  
  90  5:51  Overlord  
  90  5:52  Overlord  
  90  6:01  Overseer  
  87  6:04  Roach x3  
  87  6:07  Ravager  
  87  6:09  Overlord x2  
  88  6:36  Roach x2  
  88  6:37  Roach x7  
  106  6:48  Nydus Canal  
Tags
 
Add a new tag
Caveats
  • Supply blocks, unpowered buildings, or Contaminate may cause inaccurate times.
  • Supply counts are checked every 10 seconds.